 Dungeon Crawl Stone Soup version 0.18.1-48-g4cf74bf (webtiles) character file.

935 nuthulu the Shield-Bearer (level 8, -2/46 HPs)
             Began as a Gargoyle Fighter on Sept 8, 2016.
             Was a Follower of Okawaru.
             Killed by divine providence
             ... invoked by an orc priest
              (14 damage)
             ... on level 4 of the Dungeon.
             The game lasted 00:08:30 (3848 turns).

nuthulu the Shield-Bearer (Gargoyle Fighter)        Turns: 3848, Time: 00:08:31

Health: -2/46      AC: 14    Str: 22    XL:     8   Next: 11%
Magic:  8/8        EV:  8    Int: 10    God:    Okawaru [*.....]
Gold:   84         SH: 11    Dex: 14    Spells: 0 memorised, 7 levels left

rFire  . . .     SeeInvis .     d - +5 mace "Utabusem" {freeze, rN+ MR+ Str+3 Dex+3}
rCold  . . .     Gourm    .     b - +0 scale mail
rNeg   + + .     Faith    .     c - +0 shield
rPois  ∞         Spirit   .     (no helmet)
rElec  +         Dismiss  .     (no cloak)
rCorr  .         Reflect  .     (no gloves)
SustAt .         Harm     .     e - +1 pair of boots
MR     +....                    (no amulet)
Stlth  ..........               (no ring)
                                (no ring)

@: somewhat resistant to hostile enchantments, extremely unstealthy
A: negative energy resistance 1, electricity resistance, unbreathing,
petrification resistance, rot immunity, AC +5
a: Heroism, Renounce Religion


You were on level 4 of the Dungeon.
You worshipped Okawaru.
Okawaru was aware of your devotion.
You were not hungry.

You visited 1 branch of the dungeon, and saw 4 of its levels.

You collected 252 gold pieces.
You spent 168 gold pieces at shops.

Inventory:

Hand Weapons
 a - a +1 flail
 d - the +5 mace "Utabusem" (weapon) {freeze, rN+ MR+ Str+3 Dex+3}
   (You bought it in a shop on level 4 of the Dungeon)

   It has been specially enchanted to freeze those struck by it, causing extra
   injury to most foes and up to half again as much damage against particularly
   susceptible opponents.
   It can also slow down cold-blooded creatures.
   It affects your strength (+3).
   It affects your dexterity (+3).
   It protects you from negative energy.
   It affects your resistance to hostile enchantments.
 n - a +0 flail of protection
Armour
 b - a +0 scale mail (worn)
 c - a +0 shield (worn)
 e - a +1 pair of boots (worn)
Wands
 k - a wand of disintegration (13/24)
Scrolls
 i - 2 scrolls of teleportation
 m - 2 scrolls of remove curse
Potions
 j - a potion of curing
Comestibles
 f - 2 bread rations
 g - a royal jelly
 h - 2 slices of pizza


   Skills:
 - Level 3.2 Fighting
 + Level 6.5 Maces & Flails
 - Level 3.2 Armour
 + Level 7.8 Shields


You had 7 spell levels left.
You didn't know any spells.

Dungeon Overview and Level Annotations

Branches:
Dungeon (4/15)
 Temple: D:4-7

Altars:
Ashenzari
Okawaru
Pakellas

Shops:
D:4 =(

Annotations:
D:4 nuthulu's ghost, novice GrFi


Innate Abilities, Weirdness & Mutations

You are resistant to torment.
Your stone body is resilient (AC +5).
You are immune to poison.
You resist negative energy.
You are resistant to electric shocks.
You can survive without breathing.
You are immune to petrification.
You are immune to rotting.


Message History

As you read the scroll of teleportation, it crumbles to dust.
You feel strangely unstable.
You feel like a meek peon again.
Nuthulu's ghost shrieks, "You must not succeed where I failed!"
You block nuthulu's ghost's attack.
You sock nuthulu's ghost! You freeze nuthulu's ghost.
Nuthulu's ghost is severely damaged.
Nuthulu's ghost hits you but does no damage.
Nuthulu's ghost closely misses you.
You sock nuthulu's ghost! You freeze nuthulu's ghost.
Nuthulu's ghost is almost destroyed.
Your surroundings suddenly seem different.
An orc comes into view. It is wielding a mace.
The orc shouts!
Found 18 sling bullets.
An orc, an orc priest and a skeleton come into view.
The orc priest moves out of view.
The orc moves out of view.
The orc priest mumbles some strange prayers to Beogh against you.
Beogh smites you!
You die...

*****,* *,* *,* **********#.##
*,* *,,,,,,,,,...# *,*
*,********#..#****# #
***,*****,###******(o#*,,.#
#**,,,,...,,#..,,,,,,..#*,..#
#,,,,,,..#**#.#******#.##...##**
#**,*,*#.# #.########o.......,*
#**,*,*#.# ##.#.@..Zo.........,*
#,*,*,*#.# #....######........,*
#,*,*,*#.# #..###### #.##...##**
#,,,,,*#.# #.......#*#.#*,..#
#,,,***#.###.#####.#...#*,,.#
#,,,* #.....# #.#.###*,,,#*
#,,,* #..#### #.#.# *,,,,*
#...####..# #.#.# *,,,,*
#.........# #.#.# ****,*


You could see an orc priest, an orc and a giant frog skeleton.

Vanquished Creatures
  Edmund (D:4)
  2 ogres (D:4)
  The ghost of Xelenos the Sneak, an amateur HaAs of Qazlal (D:3)
  5 wights (D:3)
  2 orc priests
  2 hounds (D:4)
  A worker ant (D:4)
  5 gnolls
  8 adders
  An ooze (D:1)
  3 worms
  3 dart slugs
  6 giant geckos
  9 orcs
  5 giant cockroaches
  6 goblins
  10 hobgoblins
  2 jackals (D:3)
  3 ball pythons
  9 bats
  2 giant newts
  7 kobolds
  4 rats
97 creatures vanquished.

Vanquished Creatures (others)
  A giant newt (D:1)
1 creature vanquished.

Grand Total: 98 creatures vanquished

Notes
Turn   | Place    | Note
--------------------------------------------------------------
     0 | D:1      | nuthulu the Gargoyle Fighter began the quest for the Orb.
     0 | D:1      | Reached XP level 1. HP: 14/14 MP: 1/1
    41 | D:1      | Reached XP level 2. HP: 15/19 MP: 2/2
   516 | D:1      | Reached skill level 4 in Shields
   516 | D:1      | Reached XP level 3. HP: 21/23 MP: 3/3
  1386 | D:2      | Reached XP level 4. HP: 26/28 MP: 4/4
  1734 | D:2      | Reached skill level 5 in Shields
  1873 | D:2      | Found an oddly glowing altar of Pakellas.
  1929 | D:3      | Found a shattered altar of Ashenzari.
  1944 | D:3      | Reached XP level 5. HP: 32/32 MP: 5/5
  2037 | D:3      | Noticed Xelenos's ghost (amateur HaAs)
  2044 | D:3      | Killed Xelenos's ghost
  2044 | D:3      | Reached XP level 6. HP: 18/37 MP: 6/6
  2354 | D:3      | Reached skill level 6 in Shields
  2384 | D:3      | Reached skill level 5 in Maces & Flails
  2396 | D:3      | Reached XP level 7. HP: 30/41 MP: 7/7
  2494 | D:3      | Found an iron altar of Okawaru.
  2524 | D:3      | Became a worshipper of Warmaster Okawaru
  3132 | D:4      | Found Aczass's Jewellery Boutique.
  3159 | D:4      | Noticed Edmund
  3214 | D:4      | Killed Edmund
  3214 | D:4      | Reached skill level 7 in Shields
  3359 | D:4      | Found Joazicot's Antique Weapon Emporium.
  3369 | D:4      | Bought a scorched mace for 168 gold pieces
  3369 | D:4      | Identified the +5 mace "Utabusem" {freeze, rN+ MR+ Str+3 Dex+3} (You bought it in a shop on level 4 of the Dungeon)
  3395 | D:4      | Reached XP level 8. HP: 10/46 MP: 8/8
  3692 | D:4      | Reached * piety under Okawaru
  3810 | D:4      | Noticed nuthulu's ghost (novice GrFi)
  3837 | D:4      | HP: 2/46 [nuthulu's ghost (8)]
  3848 | D:4      | Killed from afar by an orc priest

Skill      XL: |  1  2  3  4  5  6  7 |
---------------+----------------------+-----
Shields        | 4 5 6 7 |  7.8
Maces & Flails | 3 4 5 6 |  6.5
Fighting       | |  3.2
Armour         | |  3.2

Action                   |  1- 3 |  4- 6 |  7- 9 || total
-------------------------+-------+-------+-------++-------
Melee: Flail             |    91 |   170 |   162 ||   423
       Mace              |       |       |    31 ||    31
Invok: Heroism           |       |       |     1 ||     1
  Use: Potion            |     2 |     3 |     1 ||     6
       Scroll            |     5 |     2 |     4 ||    11
  Eat: Chunk             |     2 |     3 |     5 ||    10
Armor: Scale mail        |    54 |    91 |    81 ||   226
Dodge: Dodged            |    24 |    58 |    34 ||   116
Block: Shield            |    52 |    93 |    95 ||   240
